 Dungeon Crawl Stone Soup version 0.24-a0-278-gefa1973 (webtiles) character file.

Game seed: 1590166642206889161

1712 Atlas the Grave Robber (level 8, -2/56 HPs)
             Began as a Mummy Necromancer on Apr 29, 2019.
             Slain by a centaur (5 damage)
             ... on level 6 of the Dungeon.
             The game lasted 00:10:17 (5526 turns).

Atlas the Grave Robber (Mummy Necromancer)          Turns: 5526, Time: 00:10:18

Health: -2/56      AC:  8    Str: 11    XL:     8   Next: 74%
Magic:  2/19       EV: 11    Int: 20    God:
Gold:   212        SH:  0    Dex: 12    Spells: 18/22 levels left

rFire    . . .     SeeInvis .   m - +2 mace (protect)
rCold    + . .     Gourm    .   (no shield)
rNeg     + + +     Faith    .   o - +2 ring mail {rF+}
rPois    ∞         Spirit   .   (no helmet)
rElec    .         Reflect  .   j - +0 cloak
rCorr    .         Harm     .   (no gloves)
MR       +....                  (no boots)
Stlth    +.........             (no amulet)
HPRegen  0.18/turn              a - +3 ring of intelligence
MPRegen  0.16/turn              (no ring)

@: about to teleport
A: no food or potions, fire vulnerability, cold resistance 1, negative energy
resistance 3, torment resistance, unbreathing
a: no special abilities


You were on level 6 of the Dungeon.
You were not hungry.

You visited 2 branches of the dungeon, and saw 7 of its levels.

You collected 212 gold pieces.

Inventory:

Hand Weapons
 m - a +2 mace of protection (weapon)
 n - a +0 halberd
Armour
 b - the +0 robe of Dishonour {*Contam Str+7 Int+6}
   (You found it on level 4 of the Dungeon)

   It affects your strength (+7).
   It affects your intelligence (+6).
   It causes magical contamination when unequipped.
 j - a +0 cloak (worn)
 o - a +2 ring mail of fire resistance (worn)
Jewellery
 a - a +3 ring of intelligence (left hand)
Wands
 d - a wand of random effects (11)
 l - a wand of clouds (1)
Scrolls
 c - 6 scrolls of teleportation
 e - 3 scrolls of noise
 f - 4 scrolls of remove curse
 g - a scroll of immolation
 h - 2 scrolls of enchant weapon {unknown}
 i - 2 scrolls of fog {unknown}
 k - a scroll of amnesia
 p - a scroll of blinking {unknown}
 q - a scroll of identify


   Skills:
 + Level 2.0 Fighting
 + Level 3.0 Maces & Flails
 + Level 3.0 Armour
 + Level 2.7 Dodging
 + Level 1.7 Stealth
 + Level 0.4 Unarmed Combat
 + Level 7.6 Spellcasting
 + Level 7.8 Necromancy


You had 18 spell levels left.
You knew the following spells:

 Your Spells              Type           Power        Failure   Level  Hunger
a - Pain                  Necr           ####         1%          1    N/A
c - Vampiric Draining     Necr           #####.....   2%          3    N/A

Your spell library contained the following spells:

 Spells                   Type           Power        Failure   Level  Hunger
 Animate Skeleton         Necr           N/A          1%          1    N/A
 Animate Dead             Necr           N/A          9%          4    N/A
 Apportation              Tloc           #.....       21%         1    N/A
 Confusing Touch          Hex            #.....       21%         1    N/A
 Summon Small Mammal      Summ           #...         21%         1    N/A
 Regeneration             Chrm/Necr      Unusable     N/A         3    N/A

Dungeon Overview and Level Annotations

Branches:
Dungeon (6/15)             Temple (1/1) D:5

Altars:
Ashenzari
Cheibriados
Dithmenos
Elyvilon
Fedhas
Hepliaklqana
Kikubaaqudgha
Makhleb
Nemelex Xobeh
Okawaru
Ru
Sif Muna
Uskayaw
Vehumet
Wu Jian
Xom
Yredelemnul
Zin

Shops:
D:5 *

Annotations:
D:3 1 runed translucent door
D:4 1 runed translucent door
D:6 Pikel


Innate Abilities, Weirdness & Mutations

You do not eat or drink.
Your flesh is vulnerable to fire.
You are immune to poison.
Your flesh is cold resistant. (rC+)
You are immune to negative energy. (rN+++)
You are immune to unholy pain and torment.
You can survive without breathing.


Message History

The bullfrog hits you.
The centaur wields a +0 shortbow.
The centaur shoots an arrow.
The arrow hits you!
* * * LOW HITPOINT WARNING * * *
You see here an arrow.
As you read the scroll labeled FYODGH HOVVILU, it crumbles to dust.
You hear a loud clanging noise!
It was a scroll of noise.
You hear a shout! x6; You hear a croak.
You hear a shout!
You hear an angry hiss.
You hear a shout!
You hear an angry hiss.
You hear a shout! x5; You hear an angry hiss.
You hear a shout! x2
The bullfrog hits you.
* * * LOW HITPOINT WARNING * * *
The centaur unwields a +0 shortbow.
The centaur hits you.
* * * LOW HITPOINT WARNING * * *
The quokka bites you but does no damage.
The bullfrog hits you but does no damage.
As you read the scroll of teleportation, it crumbles to dust.
You feel strangely unstable. The centaur hits you.
You die...

..#....##........#
.###...#....###.##
##.......##...#
#........#....## ...
#...........#...##.....
.....##....(.†....#.....
....# #.........$.......
.⌠.# ##.....(..#........
... .!......(@.##.......
....#...crF........
...###..>.......#..
.............†..#
#....#............
#...#.......##....
#...##......... ...
##........./..## .#
........###...


You could see a bullfrog, a centaur and a quokka.

Vanquished Creatures
  2 water moccasins (D:5)
  2 slaves (D:5)
  A sky beast (D:5)
  A phantom (D:4)
  An ogre (D:5)
  A centaur (D:5)
  2 bullfrogs (D:6)
  A gnoll sergeant (D:5)
  2 scorpions
  3 killer bees (D:5)
  2 crimson imps (D:5)
  A jelly (D:5)
  A bullfrog skeleton (D:5)
  3 hounds
  2 orc wizards
  An orc priest (D:5)
  3 iguanas
  3 worker ants
  10 adders
  6 gnolls
  A shadow imp (D:5)
  An ooze (D:3)
  3 worms
  3 dart slugs
  3 leopard geckos
  6 orcs
  3 ball pythons
  3 giant cockroaches (D:1)
  13 goblins
  7 hobgoblins
  11 jackals
  7 quokkas
  9 bats
  4 frilled lizards
  5 kobolds
  A kobold skeleton (D:4)
  13 rats
141 creatures vanquished.

Vanquished Creatures (collateral kills)
  A killer bee (D:5)
1 creature vanquished.

Grand Total: 142 creatures vanquished

Notes
Turn   | Place    | Note
-------+----------+-------------------------------------------
     0 | D:1      | Atlas the Mummy Necromancer began the quest for the Orb.
     0 | D:1      | Reached XP level 1. HP: 13/13 MP: 4/4
   179 | D:1      | Reached XP level 2. HP: 17/19 MP: 1/6
   723 | D:1      | Reached XP level 3. HP: 18/24 MP: 0/7
  1356 | D:2      | Found a deep blue altar of Sif Muna.
  1521 | D:2      | Reached XP level 4. HP: 10/30 MP: 0/9
  1952 | D:2      | Reached skill level 1 in Armour
  1961 | D:2      | Found an iron altar of Okawaru.
  2165 | D:3      | Reached skill level 5 in Necromancy
  2173 | D:3      | Found a snail-covered altar of Cheibriados.
  2197 | D:3      | Found an ornate altar of the Wu Jian Council.
  2302 | D:3      | Found a glowing silver altar of Zin.
  2302 | D:3      | Noticed an angel
  2302 | D:3      | You fall through a shaft for 3 floors!
  2302 | D:6      | Noticed an orc warrior
  2303 | D:6      | Noticed a bullfrog
  2304 | D:6      | Noticed Pikel
  2304 | D:6      | Noticed a slave
  2305 | D:6      | Noticed a slave
  2305 | D:6      | Noticed a sky beast
  2306 | D:6      | Noticed a slave
  2307 | D:6      | Noticed a slave
  2324 | D:5      | Entered Level 5 of the Dungeon
  2334 | D:5      | Killed a slave
  2334 | D:5      | Reached XP level 5. HP: 11/36 MP: 3/11
  2335 | D:5      | Killed a slave
  2378 | D:5      | Noticed a sky beast
  2389 | D:5      | Reached XP level 6. HP: 6/42 MP: 1/13
  2404 | D:5      | Killed a sky beast
  2404 | D:5      | Reached skill level 5 in Spellcasting
  2559 | D:5      | Learned a level 3 spell: Vampiric Draining
  2932 | D:5      | Reached XP level 7. HP: 32/47 MP: 1/15
  3129 | D:4      | Found a runed translucent door.
  3129 | D:4      | Noticed a human
  3133 | D:4      | Found a basalt altar of Yredelemnul.
  3178 | D:4      | Found a shimmering altar of Xom.
  3178 | D:4      | Found a glowing silver altar of Zin.
  3178 | D:4      | Noticed an angel
  3403 | D:3      | Found a burning altar of Makhleb.
  3448 | D:3      | Found a runed translucent door.
  4041 | D:4      | Got a dull robe
  4043 | D:4      | Identified the +0 robe of Dishonour {*Contam Str+7 Int+6}
                  | (You found it on level 4 of the Dungeon)
  4276 | D:4      | Reached skill level 1 in Fighting
  4554 | D:5      | Reached skill level 1 in Maces & Flails
  4744 | D:5      | Found an iron altar of Okawaru.
  4798 | D:5      | Found a staircase to the Ecumenical Temple.
  4808 | D:5      | Reached XP level 8. HP: 36/54 MP: 14/18
  4819 | Temple   | Entered the Ecumenical Temple
  5036 | D:5      | Found Riah's Serpentskin Sales.
  5526 | D:6      | Slain by a centaur

Levels and vault maps discovered:
D:1:      onia_arrival_larder, layout_basic
D:2:      layout_rooms, led_sif_pool, okawaru_altar_gauntlet_db
D:3:      layout_basic, marbit_many_paths, makhleb_blood_cavern_becter,
          lemuel_round_altar, first_ration, lemuel_angel_altar
D:4:      layout_basic, grunt_temple_overflow_order_and_chaos_1,
          dk_yredelemnul_ordeal
D:5:      layout_basic, lemuel_doored_altar, minmay_temple_entry_gardened_gates,
          corexii_corridor_pit, guppyfry_shop_venom
D:6:      layout_cave_pools, lemuel_coloured_pillars_altar, old_standard_altar,
          tso_oasis_becter, serial_shops, kennysheep_mini_moat, uniq_duvessa,
          uniq_eustachio, uniq_sigmund, uniq_pikel
Temple:   eino_wide_crystal_templ

Skill      XL: |  1  2  3  4  5  6  7  8 |
---------------+-------------------------+-----
Spellcasting   | 3 4 5 6 7 |  7.6
Armour         | 1 2 3 |  3.0
Necromancy     | 5 6 7 |  7.8
Dodging        | 2 |  2.7
Fighting       | 1 2 |  2.0
Maces & Flails | 1 3 |  3.0
Stealth        | |  1.7
Unarmed Combat | |  0.4

Action                   |  1- 3 |  4- 6 |  7- 9 || total
-------------------------+-------+-------+-------++-------
Melee: Unarmed           |    57 |    15 |     7 ||    79
       Mace              |       |       |   180 ||   180
 Cast: Pain              |    83 |    86 |    83 ||   252
       Vampiric Draining |       |     1 |    18 ||    19
Evoke: Wand              |       |     2 |       ||     2
  Use: Scroll            |       |       |    11 ||    11
Armor: Ring mail         |    31 |    22 |   152 ||   205
Dodge: Dodged            |    63 |    41 |   187 ||   291

Table legend:
 A = Non-vault XP
 B = Vault XP
 C = Vault XP percentage of total XP
 D = Non-vault monster count
 E = Vault monster count
 F = Vault count percentage of total count
                 A         B        C        D         E       F
            +---------+---------+-------+---------+---------+-------
      Total |    2059 |     388 |  15.9 |     122 |      18 |  12.9
            +---------+---------+-------+---------+---------+-------
        D:1 |      46 |       8 |  14.8 |      26 |       5 |  16.1
        D:2 |      51 |      12 |  19.0 |      22 |       6 |  21.4
        D:3 |     100 |      45 |  31.0 |      27 |       2 |   6.9
        D:4 |     355 |       1 |   0.3 |      13 |       1 |   7.1
        D:5 |    1199 |     322 |  21.2 |      28 |       4 |  12.5
        D:6 |     263 |       0 |   0.0 |       4 |       0 |   0.0
     Temple |      45 |       0 |   0.0 |       2 |       0 |   0.0
            +---------+---------+-------+---------+---------+-------
